 Dungeon Crawl Stone Soup version 0.18.1-48-g4cf74bf (webtiles) character file.

521 Lennu the Grave Robber (level 7, -2/58 HPs)
             Began as a Deep Dwarf Necromancer on July 7, 2016.
             Slain by an orc warrior
             ... wielding a +0 glaive
              (19 damage)
             ... on level 5 of the Dungeon.
             The game lasted 00:17:33 (4056 turns).

Lennu the Grave Robber (Deep Dwarf Necromancer)     Turns: 4056, Time: 00:17:34

Health: -2/58      AC:  5    Str: 14    XL:     7   Next: 1%
Magic:  1/11       EV: 13    Int: 15    God:
Gold:   208        SH:  0    Dex: 13    Spells: 2 memorised, 7 levels left

rFire  . . .     SeeInvis .     j - +1 great sword
rCold  . . .     Gourm    .     s - +1 robe of Impatience {rN+ rCorr} (curse)
rNeg   + . .     Faith    .     (shield currently unavailable)
rPois  .         Spirit   .     w - +0 helmet
rElec  .         Dismiss  .     (no cloak)
rCorr  +         Reflect  .     (no gloves)
SustAt .         Harm     .     y - +0 pair of boots
MR     +....                    h - amulet of magic regeneration
Stlth  ++........               (no ring)
                                (no ring)

@: very slightly contaminated, non-regenerating, somewhat resistant to hostile
enchantments, unstealthy
A: damage resistance, recharge devices, sense surroundings 1, slow regeneration
3
a: Device Recharging


You were on level 5 of the Dungeon.
You were not hungry.

You visited 1 branch of the dungeon, and saw 5 of its levels.

You collected 208 gold pieces.

Inventory:

Hand Weapons
 e - a +0 hand axe
 j - a +1 great sword (weapon)
 t - a +0 hand axe of chopping
Missiles
 o - 7 javelins (quivered)
Armour
 a - a +0 robe
 s - the cursed +1 robe of Impatience (worn) {rN+ rCorr}
   (You found it on level 4 of the Dungeon)

   It protects you from negative energy.
   It protects you from acid and corrosion.
   It has a curse placed upon it.
 w - a +0 helmet (worn)
 y - a +0 pair of boots (worn)
 z - a +1 ring mail of cold resistance
Jewellery
 h - an amulet of magic regeneration (around neck)
Wands
 c - a wand of heal wounds (6/9)
Scrolls
 f - a scroll of teleportation
 g - a scroll of identify
 i - a scroll of amnesia
 m - a scroll of recharging
 B - a scroll of random uselessness
 C - a scroll of noise
 D - a scroll of remove curse
Potions
 l - a potion of cure mutation
 p - 2 potions of invisibility
 A - a potion of lignification
Books
 b - a book of Necromancy

   Spells                             Type                      Level
   a - Pain                           Necromancy                   1
   b - Animate Skeleton               Necromancy                   1
   c - Vampiric Draining              Necromancy                   3
   d - Regeneration                   Charms/Necromancy            3
   e - Animate Dead                   Necromancy                   4
   f - Control Undead                 Necromancy                   4
Miscellaneous
 x - a plain deck of summoning
Comestibles
 d - 4 bread rations
 k - 4 chunks of flesh
 q - 3 meat rations
 r - 2 beef jerkies
 u - 3 fruits


   Skills:
 * Level 1.6 Fighting
 * Level 0.2 Long Blades
 - Level 2.5 Axes
 * Level 2.0 Armour
 * Level 4.0 Dodging
 + Level 2.7 Stealth
 + Level 2.9 Spellcasting
 * Level 6.4 Necromancy


You had 7 spell levels left.
You knew the following spells:

 Your Spells              Type           Power        Failure   Level  Hunger
a - Pain                  Necr           ###.         1%          1    #......
b - Vampiric Draining     Necr           ###.......   4%          3    ###....


Dungeon Overview and Level Annotations

Branches:
Dungeon (5/15)
 Temple: D:4-7

Altars:
Fedhas
Nemelex Xobeh

Shops:
D:4 *


Innate Abilities, Weirdness & Mutations

You are resistant to damage.
You can recharge devices by infusing magical energy.
You passively map a small area around you.
You do not regenerate naturally.


Message History

Aim: an orc warrior, wielding a glaive and wearing a plate armour (severely wounded)
You miscast Vampiric Draining.
You are very lightly contaminated with residual magic.
You feel very uncomfortable. The orc hits you with a whip.
The orc warrior hits you with a glaive!
Casting: Vampiric Draining
Confirm with . or Enter, or press ? or * to list all spells.
Aiming: Vampiric Draining
Press: ? - help, Shift-Dir - straight line, f/p - orc warrior
Aim: an orc warrior, wielding a glaive and wearing a plate armour (severely wounded)
The orc warrior is almost dead.
You feel life coursing into your body.
The orc priest mumbles some strange prayers to Beogh against you.
Beogh smites you!
* * * LOW HITPOINT WARNING * * *
The orc misses you.
You barely miss the orc warrior.
The orc warrior is almost dead.
The orc warrior hits you with a glaive!!
You die...

* * *#.. ,
#.# ** #.#
#.## #..+
, , #..#
,* *
#######o.#
....(oo@<#
, ,
.#######.#
, , #.# *
,..# * *
*... *+ *
#### , **
, , , , *
, ,


You could see an orc warrior, an orc priest and an orc.

Vanquished Creatures
  Sigmund (D:3)
  The ghost of Lennu the Chiller, an amateur MfIE (D:4)
  An orc priest (D:3)
  2 orc wizards (D:4)
  A hound skeleton (D:4)
  Robin (D:2)
  5 adders
  A worm (D:3)
  2 dart slugs (D:2)
  A giant gecko (D:2)
  7 orcs
  3 bats
  7 giant cockroaches
  16 goblins
  9 hobgoblins
  3 jackals (D:1)
  7 kobolds
  2 quokkas
  A giant newt (D:4)
  4 rats
75 creatures vanquished.

Notes
Turn   | Place    | Note
--------------------------------------------------------------
     0 | D:1      | Lennu the Deep Dwarf Necromancer began the quest for the Orb.
     0 | D:1      | Reached XP level 1. HP: 15/15 MP: 3/3
   197 | D:1      | Reached XP level 2. HP: 22/22 MP: 0/4
  1037 | D:2      | Reached skill level 5 in Necromancy
  1213 | D:2      | Reached XP level 3. HP: 28/28 MP: 1/5
  1441 | D:2      | Found a faded altar to an unknown god.
  1875 | D:2      | Noticed Robin
  1907 | D:2      | Reached XP level 4. HP: 36/36 MP: 1/7
  1919 | D:2      | Killed Robin
  2044 | D:2      | Learned a level 3 spell: Vampiric Draining
  2145 | D:2      | Reached skill level 1 in Axes
  2322 | D:3      | Noticed Sigmund
  2337 | D:3      | Killed Sigmund
  2337 | D:3      | Reached skill level 1 in Fighting
  2337 | D:3      | Reached skill level 1 in Armour
  2337 | D:3      | Reached skill level 6 in Necromancy
  2337 | D:3      | Reached XP level 5. HP: 33/44 MP: 2/8
  2365 | D:3      | Reached XP level 6. HP: 39/51 MP: 5/9
  2697 | D:3      | Found a sparkling altar of Nemelex Xobeh.
  3136 | D:4      | Noticed Lennu's ghost (amateur MfIE)
  3138 | D:4      | Found Zocetso's Assorted Antiques.
  3165 | D:4      | Killed Lennu's ghost
  3578 | D:4      | Got a heavy robe
  3589 | D:4      | Identified the cursed +1 robe of Impatience {rN+ rCorr} (You found it on level 4 of the Dungeon)
  3699 | D:4      | Found a blossoming altar of Fedhas.
  3807 | D:4      | Reached XP level 7. HP: 46/58 MP: 6/11
  4048 | D:5      | Entered Level 5 of the Dungeon
  4056 | D:5      | Slain by an orc warrior

Skill      XL: |  1  2  3  4  5  6  7 |
---------------+----------------------+-----
Necromancy     | 5 6 |  6.4
Spellcasting   | 2 |  2.9
Axes           | 1 2 |  2.5
Fighting       | 1 |  1.6
Armour         | 1 2 |  2.0
Dodging        | 3 4 |  4.0
Long Blades    | |  0.2
Stealth        | |  2.7

Action                   |  1- 3 |  4- 6 |  7- 9 || total
-------------------------+-------+-------+-------++-------
Melee: Hand axe          |    11 |    82 |       ||    93
       Great sword       |       |    28 |     5 ||    33
Throw: Javelin           |     1 |       |       ||     1
 Cast: Pain              |    61 |    31 |       ||    92
       Vampiric Draining |       |    18 |     5 ||    23
Evoke: Wand              |     1 |     1 |       ||     2
  Use: Scroll            |     1 |    11 |       ||    12
       Potion            |       |     4 |       ||     4
 Stab: Sleeping          |     1 |     2 |     2 ||     5
  Eat: Bread ration      |     1 |       |       ||     1
       Chunk             |       |     6 |       ||     6
       Meat ration       |       |     1 |       ||     1
Armor: Robe              |     6 |    33 |       ||    39
       Ring mail         |       |     6 |       ||     6
Dodge: Dodged            |    14 |    81 |     6 ||   101
